 Dungeon Crawl Stone Soup version 0.22.1-1-ga44c0e5 (webtiles) character file.

469 Starchild the Reanimator (level 7, -2/36 HPs)
             Began as a Tengu Necromancer on Sept 20, 2018.
             Killed from afar by an orc wizard (9 damage)
             ... with a magic dart
             ... on level 4 of the Dungeon.
             The game lasted 00:16:23 (3492 turns).

Starchild the Reanimator (Tengu Necromancer)        Turns: 3492, Time: 00:16:24

Health: -2/36      AC:  2    Str:  8    XL:     7   Next: 9%
Magic:  0/11       EV: 15    Int: 18    God:
Gold:   174        SH:  0    Dex: 14    Spells: 2/10 levels left

rFire    . . .     SeeInvis .   l - +2 falchion (venom)
rCold    . . .     Gourm    .   (no shield)
rNeg     . . .     Faith    .   a - +0 robe
rPois    .         Spirit   .   (helmet restricted)
rElec    .         Reflect  .   (no cloak)
rCorr    .         Harm     .   (no gloves)
MR       .....                  (boots unavailable)
Stlth    ++........             x - amulet of regeneration
HPRegen  0.52/turn              (no ring)
MPRegen  0.12/turn              (no ring)

@: flying quickly and evasively, quick
A: beak, talons 3, able to fly 1
a: no special abilities


You were on level 4 of the Dungeon.
You were hungry.

You visited 1 branch of the dungeon, and saw 4 of its levels.

You collected 174 gold pieces.

Inventory:

Hand Weapons
 g - a +1 hunting sling of freezing
 l - a +2 falchion of venom (weapon)
 m - the +6 short sword of Xitotav {vamp, -Tele rElec Str+3}
   (You found it on level 4 of the Dungeon)

   It inflicts no extra harm, but heals its wielder when it wounds a living foe.
   It affects your strength (+3).
   It insulates you from electricity.
   It prevents most forms of teleportation.
 q - a +3 hunting sling
Missiles
 b - 25 bolts
 e - 71 stones
 u - 4 tomahawks (quivered)
 v - 4 sling bullets
Armour
 a - a +0 robe (worn)
Jewellery
 t - an uncursed ring of ice
 x - an amulet of regeneration (around neck)
Scrolls
 d - 2 scrolls of teleportation
 f - a scroll of magic mapping {unknown}
 i - a scroll of blinking {unknown}
 p - 2 scrolls of enchant armour {unknown}
 r - a scroll of enchant weapon {unknown}
 w - a scroll of immolation {unknown}
 y - a scroll of amnesia {unknown}
Potions
 h - 2 potions of haste
 j - a potion of flight {unknown}
 k - 2 potions of brilliance
 n - 2 potions of degeneration {unknown}
 o - a potion of lignification {unknown}
Comestibles
 c - 7 rations


   Skills:
 - Level 2.1 Dodging
 - Level 2.0 Stealth
 - Level 2.0 Spellcasting
 + Level 9.1 Necromancy


You had 2 spell levels left.
You knew the following spells:

 Your Spells              Type           Power        Failure   Level  Hunger
a - Pain                  Necr           ####         1%          1    #......
b - Animate Skeleton      Necr           N/A          1%          1    #......
c - Vampiric Draining     Necr           ####......   1%          3    ###....
d - Regeneration          Chrm/Necr      ###.......   9%          3    ###....

Your spell library contained the following spells:

 Spells                   Type           Power        Failure   Level  Hunger
 Animate Dead             Necr           N/A          4%          4    #####..


Dungeon Overview and Level Annotations

Branches:
Dungeon (4/15)
 Temple: D:4-7

Altars:


Innate Abilities, Weirdness & Mutations

You have a beak for a mouth.
You have claws for feet.
You can fly.


Message History

* * * LOW HITPOINT WARNING * * *
Casting: Pain (safe; 1% risk of failure)
Confirm with . or Enter, or press ? or * to list all spells.
Aiming: Pain (safe; 1% risk of failure)
Press: ? - help, Shift-Dir - straight line, f/p - orc priest
Aim: an orc priest, wielding a war axe and wearing a leather armour (severely The orc priest writhes in agony!
Something hits you but does no damage. The orc barely misses you.
The orc priest hits you with a war axe.
* * * LOW HITPOINT WARNING * * *
Casting: Pain (safe; 1% risk of failure)
Confirm with . or Enter, or press ? or * to list all spells.
Aiming: Pain (safe; 1% risk of failure)
Press: ? - help, Shift-Dir - straight line, f/p - orc priest
Aim: an orc priest, wielding a war axe and wearing a leather armour (severely The orc priest writhes in agony!
Something barely misses you. The orc barely misses you.
You hear some strange, mumbled words.
A magic dart appears from out of thin air!
The magic dart hits you!
You die...

... #..# .##.# #.#
.##+##..##..#.# ..# #.#
.....#...##.#.#...# #.#
.........##.#.#...#.##.#
.........##...#...#.....
#...............####.#
.####...o...............
.......@.).[............
...##...o###..#...##.#..
.......................
............#...........
.........#..#........###
......(..............#
...#.(..##..#..#..#.##
............#..#..#.# #
......
.......##..#.....#.# #


You could see an orc priest and an orc.

Vanquished Creatures
  An ogre (D:4)
  2 orc priests (D:3)
  A centaur skeleton (D:4)
  Jessica (D:2)
  Terence (D:2)
  2 worker ants (D:4)
  An iguana (D:4)
  A howler monkey zombie (D:4)
  3 gnolls (D:2)
  5 adders
  2 oozes
  A worm (D:2)
  A dart slug (D:3)
  2 leopard geckos
  11 orcs
  4 giant cockroaches
  6 goblins
  4 hobgoblins
  8 jackals
  3 ball pythons
  3 bats
  3 frilled lizards
  4 kobolds
  5 rats
75 creatures vanquished.

Vanquished Creatures (collateral kills)
  A frilled lizard (D:3)
1 creature vanquished.

Grand Total: 76 creatures vanquished

Notes
Turn   | Place    | Note
-------+----------+-------------------------------------------
     0 | D:1      | Starchild the Tengu Necromancer began the quest for the
                  | Orb.
     0 | D:1      | Reached XP level 1. HP: 10/10 MP: 4/4
   260 | D:1      | Learned a level 1 spell: Animate Skeleton
   401 | D:1      | Reached XP level 2. HP: 12/15 MP: 3/6
   548 | D:1      | Reached skill level 5 in Necromancy
   988 | D:1      | Reached XP level 3. HP: 19/19 MP: 5/7
  1042 | D:2      | Learned a level 3 spell: Vampiric Draining
  1384 | D:2      | Noticed Jessica
  1388 | D:2      | Killed Jessica
  1388 | D:2      | Reached skill level 6 in Necromancy
  1388 | D:2      | Reached XP level 4. HP: 13/24 MP: 5/8
  1621 | D:2      | Noticed Terence
  1626 | D:2      | Killed Terence
  1626 | D:2      | Gained mutation: You can fly. [Tengu growth]
  1626 | D:2      | Reached XP level 5. HP: 16/28 MP: 3/9
  1803 | D:2      | Learned a level 3 spell: Regeneration
  1943 | D:3      | Reached skill level 7 in Necromancy
  2323 | D:3      | Reached XP level 6. HP: 7/32 MP: 0/10
  2883 | D:3      | Reached skill level 8 in Necromancy
  3258 | D:4      | Got a polished short sword
  3259 | D:4      | Identified the +6 short sword of Xitotav {vamp, -Tele rElec
                  | Str+3} (You found it on level 4 of the Dungeon)
  3435 | D:4      | Reached skill level 9 in Necromancy
  3435 | D:4      | Reached XP level 7. HP: 34/36 MP: 5/11
  3492 | D:4      | Killed from afar by an orc wizard

Skill      XL: |  1  2  3  4  5  6 |
---------------+-------------------+-----
Necromancy     | 5 6 7 9 |  9.1
Dodging        | |  2.1
Stealth        | |  2.0
Spellcasting   | |  2.0

Action                   |  1- 3 |  4- 6 |  7- 9 || total
-------------------------+-------+-------+-------++-------
Melee: Falchion          |       |     4 |     3 ||     7
       Peck              |       |     1 |     1 ||     2
       Hand axe          |       |       |     3 ||     3
       Kick              |       |       |     1 ||     1
 Fire: Hunting sling     |    39 |   101 |     5 ||   145
Throw: Tomahawk          |       |     1 |       ||     1
 Cast: Pain              |    21 |    32 |     7 ||    60
       Animate Skeleton  |     2 |     6 |       ||     8
       Vampiric Draining |       |    11 |     1 ||    12
       Regeneration      |       |     1 |       ||     1
 Abil: Fly               |       |       |     1 ||     1
  Use: Scroll            |       |     9 |       ||     9
  Eat: Chunk             |       |    10 |       ||    10
Armor: Robe              |     1 |     7 |     1 ||     9
Dodge: Dodged            |    11 |    23 |    13 ||    47
       Rpst.: Falchion   |       |       |     1 ||     1
